Kings vs Blackhawks

Created - April 16, 2018 at 19:34

Goals
1 2 3 T
Kings 3 2 2 7
Blackhawks 2 1 0 3
Shots
1 2 3 T
Kings 13 10 7 30
Blackhawks 7 14 4 25

1st period

1. Kings , Patric Hornqvist 41 (Anze Kopitar 51, Simon Gagné 20) at 7:48
2. Blackhawks , Antoine Roussel 21 (Derick Brassard 48, Mike Green 39) at 7:53
3. Kings , Patric Hornqvist 42 (Simon Gagné 21, Steve Montador 23) at 11:54 (PP)
4. Blackhawks , Tyler Kennedy 11 (Peter Regin 27) at 16:55
5. Kings , Anze Kopitar 40 (Patric Hornqvist 45) at 19:55

Penalties :
Steve Ott (Chi) for Hooking (Minor) at 11:39, Tyler Kennedy (Chi) for Delaying the game (Minor) at 13:39, Jimmy Howard (Chi) for Slashing (Minor) at 13:47 - Antoine Roussel served the penalty

2nd period

6. Kings , Michael Frolik 37 (Riley Cote 2, Drew Doughty 69) at 3:22
7. Blackhawks , Tomas Fleischmann 16 (Peter Regin 28, Denis Grebeshkov 19) at 5:52
8. Kings , Patrick Eaves 18 (Michal Handzus 12, Michael Haley 1) at 6:46

Penalties :
Chad Larose (Chi) for Cross-checking (Minor) at 3:42, Radko Gudas (LAK) for Slashing (Minor) at 9:57

3rd period

9. Kings , Anze Kopitar 41 (Simon Gagné 22, Drew Doughty 70) at 0:38 (PP)
10. Kings , Patric Hornqvist 43 (Anze Kopitar 52) at 4:39

Penalties :
Joni Pitkanen (Chi) for Elbowing (Minor) at 0:22, Antoine Roussel (Chi) for Fighting (Major) at 5:00, Anze Kopitar (LAK) for Fighting (Major) at 5:00, Riley Cote (LAK) for Roughing (Minor) at 5:05, Kyle Brodziak (Chi) for Holding Stick (Minor) at 10:41

Goalie Stats

Frederik Andersen (LAK), 22 saves from 25 shots - (0.880), W, 18-26-3, 60:00 minutes
Al Montoya (Chi), 11 saves from 14 shots - (0.786), 36:38 minutes
Jimmy Howard (Chi), 12 saves from 16 shots - (0.750), L, 23-33-14, 23:22 minutes

Players Stats for Kings

Player Name              G  A  P  +/- PIM S  H  SB GA TA FO     MP     PP MP  PK MP  
------------------------------------------------------------------------------------
Anze Kopitar             2  2  4   1  5   6  3  1  0  0  10/27  21:08   3:49   1:00 
Cam Janssen              0  0  0   0  0   0  0  0  0  0  0/1     9:28   0:00   1:09 
Dave Tanabe              0  0  0  -1  0   0  1  1  0  0  0/0    19:44   2:20   1:33 
Drew Doughty             0  2  2   2  0   4  2  1  0  2  0/0    27:52   4:16   2:25 
Hampus Lindholm          0  0  0   1  0   1  0  2  0  0  0/0    12:24   0:00   0:00 
Johnny Gaudreau          0  0  0   0  0   0  1  0  0  0  0/0     9:09   0:00   1:09 
Michael Frolik           1  0  1   0  0   2  3  0  1  0  1/1    16:11   2:47   0:30 
Michael Haley            0  1  1   1  0   1  4  0  0  0  0/0    11:37   0:00   0:15 
Michal Handzus           0  1  1   1  0   0  2  0  0  0  0/3    12:14   0:06   0:30 
Patric Hornqvist         3  1  4   1  0   6  1  0  0  1  0/3    22:44   3:43   1:57 
Patrick Eaves            1  0  1   1  0   1  2  0  1  0  0/0    11:33   0:00   0:00 
Radko Gudas              0  0  0   1  2   0  3  0  0  0  0/0    12:42   0:00   0:00 
Raphael Diaz             0  0  0  -1  0   0  2  0  0  0  0/0    19:44   2:20   1:33 
Riley Cote               0  1  1   0  2   1  3  0  0  0  0/1    15:50   2:47   0:00 
Scott Gomez              0  0  0   0  0   4  2  0  0  0  4/8    16:11   2:47   0:30 
Simon Gagné              0  3  3   1  0   3  1  2  0  1  1/2    20:59   3:49   0:00 
Steve Montador           0  1  1   2  0   1  1  1  0  0  0/0    27:52   4:16   2:25 
Tyler Toffoli            0  0  0   0  0   0  2  0  1  0  1/1     8:37   0:00   0:56 

Players Stats for Blackhawks

Player Name              G  A  P  +/- PIM S  H  SB GA TA FO     MP     PP MP  PK MP  
------------------------------------------------------------------------------------
Antoine Roussel          1  0  1  -1  5   4  0  0  3  0  0/0    20:01   1:02   2:50 
Chad Larose              0  0  0   0  2   1  2  0  0  1  0/0    19:40   2:01   0:00 
Dalton Prout             0  0  0  -1  0   0  1  0  0  0  0/0     4:10   0:00   0:00 
Denis Grebeshkov         0  1  1   1  0   2  2  2  0  1  0/0    20:31   1:47   2:26 
Derick Brassard          0  1  1  -1  0   6  3  2  0  0  22/34  22:56   2:10   3:46 
Jaden Schwartz           0  0  0   0  0   1  1  0  0  0  0/0    10:33   0:12   1:32 
Joni Pitkanen            0  0  0  -1  2   1  1  0  0  1  0/0    23:22   2:11   3:54 
Kevin Marshall           0  0  0  -1  0   1  1  1  0  0  0/0    12:50   0:00   0:16 
Kyle Brodziak            0  0  0   0  2   0  1  0  0  0  0/2     8:18   0:00   0:23 
Ladislav Smid            0  0  0   1  0   1  0  1  0  0  0/0    20:31   1:47   2:26 
Mike Green               0  1  1  -2  0   1  1  2  0  0  0/0    26:42   2:11   4:10 
Peter Regin              0  2  2   1  0   1  2  1  0  0  4/5    17:35   1:34   1:19 
Spencer Machacek         0  0  0  -2  0   0  0  1  0  0  0/0    15:03   0:11   0:00 
Steve Ott                0  0  0  -2  2   0  1  0  0  0  2/4    10:57   0:31   0:00 
Taylor Pyatt             0  0  0  -2  0   0  0  0  0  0  0/0    12:52   0:53   0:40 
Tomas Fleischmann        1  0  1   1  0   4  3  1  0  0  2/2    17:06   1:34   0:50 
Tomas Kaberle            0  0  0  -1  0   0  0  1  0  0  0/0    11:53   0:00   0:00 
Tyler Kennedy            1  0  1   0  2   2  1  0  1  0  0/0    16:27   1:46   0:01 

3 Stars

1 - Patric Hornqvist (LAK)
2 - Anze Kopitar (LAK)
3 - Simon Gagné (LAK)

Power Play

Kings - 2 on 6 Attempt(s) - 33.33%
Blackhawks - 0 on 2 Attempt(s) - 0.00%

Penalty Kill

Kings - 2 on 2 Attempt(s) - 100.00% - Score 0 goal in Penalty Kill
Blackhawks - 4 on 6 Attempt(s) - 66.67% - Score 0 goal in Penalty Kill

Team Stat

Kings - Hits : 33 - Faceoff Wins : 17 - Blocked Shots : 8 - Penalty Minutes : 9
Blackhawks - Hits : 20 - Faceoff Wins : 30 - Blocked Shots : 12 - Penalty Minutes : 17

Official

Referees : Watson Brad and Banfield David
Linesman : Mike Cvik and Derek Nansen

Game Notes

Al Montoya enters game at 3:22 of 2nd period
Patric Hornqvist has scored a Hat Trick!
Anze Kopitar beats up Antoine Roussel at 5:00 of 3rd period

Finance

Level 1 -- Attendance: 3935 (65.58%) -- Ticket Income $385,630
Level 2 -- Attendance: 3099 (61.98%) -- Ticket Income $195,237
Level 3 -- Attendance: 1484 (74.20%) -- Ticket Income $62,328
Level 4 -- Attendance: 2743 (68.58%) -- Ticket Income $85,033
Luxury Box -- Attendance: 644 (64.40%) -- Ticket Income $114,632
Game was played at the Rexall Place.
Total Attendance: 11905 (66.14%)
Total Ticket Income: $842,860
Other Income: $126,429
Total Income: $969,289

Kings

5 vs 5 Forward 
   Center                   Left Wing                Right Wing               Time % Phy DF OF 
 1 Anze Kopitar             Simon Gagné              Patric Hornqvist         40     1   2  2  
 2 Scott Gomez              Riley Cote               Michael Frolik           30     1   2  2  
 3 Michal Handzus           Michael Haley            Patrick Eaves            20     1   2  2  
 4 Tyler Toffoli            Johnny Gaudreau          Cam Janssen              10     1   2  2  

5 vs 5 Defense 
   Defense                  Defense                                           Time % Phy DF OF 
 1 Drew Doughty             Steve Montador                                    40     1   2  2  
 2 Dave Tanabe              Raphael Diaz                                      30     1   2  2  
 3 Radko Gudas              Hampus Lindholm                                   20     1   2  2  
 4 Drew Doughty             Steve Montador                                    10     1   2  2  

PowerPlay Forward 
   Center                   Left Wing                Right Wing               Time % Phy DF OF 
 1 Anze Kopitar             Simon Gagné              Patric Hornqvist         60     1   2  2  
 2 Scott Gomez              Riley Cote               Michael Frolik           40     1   2  2  

PowerPlay Defense
   Defense                  Defense                                           Time % Phy DF OF 
 1 Drew Doughty             Steve Montador                                    60     1   2  2  
 2 Dave Tanabe              Raphael Diaz                                      40     1   2  2  

Penalty Kill 4 Players Forward 
   Center                   Wing                     Time % Phy DF OF 
 1 Anze Kopitar             Patric Hornqvist         60     1   2  2  
 2 Michael Frolik           Scott Gomez              40     1   2  2  

Penalty Kill 4 Players Defense
   Defense                  Defense                  Time % Phy DF OF 
 1 Drew Doughty             Steve Montador           60     1   2  2  
 2 Dave Tanabe              Raphael Diaz             40     1   2  2  

Penalty Kill - 3 Players Forward 
   Forward                                           Time % Phy DF OF 
 1 Anze Kopitar                                      60     1   2  2  
 2 Patric Hornqvist                                  40     1   2  2  

Penalty Kill - 3 Players Defense
   Defense                  Defense                  Time % Phy DF OF 
 1 Drew Doughty             Steve Montador           60     1   2  2  
 2 Dave Tanabe              Raphael Diaz             40     1   2  2  

4 vs 4 Forward 
   Center                   Wing                     Time % Phy DF OF 
 1 Anze Kopitar             Patric Hornqvist         60     1   2  2  
 2 Michael Frolik           Scott Gomez              40     1   2  2  

4 vs 4 Defense
   Defense                  Defense                  Time % Phy DF OF 
 1 Drew Doughty             Steve Montador           60     1   2  2  
 2 Dave Tanabe              Raphael Diaz             40     1   2  2  

Last Minutes Offensive
   Center                   Left Wing                Right Wing               Defense                  Defense                  
   Anze Kopitar             Simon Gagné              Patric Hornqvist         Drew Doughty             Steve Montador           

Last Minutes Defensive
   Center                   Left Wing                Right Wing               Defense                  Defense                  
   Anze Kopitar             Simon Gagné              Patric Hornqvist         Drew Doughty             Steve Montador           

Goaltenders
Starting : Frederik Andersen        
Backup : Dan Ellis                

Extra Forwards
Normal : Michal Handzus, Patrick Eaves, Cam Janssen - PP : Michal Handzus, Patrick Eaves - PK : Cam Janssen
Extra Defensemen
Normal : Radko Gudas, Hampus Lindholm, Dave Tanabe - PP : Radko Gudas - PK : Hampus Lindholm, Dave Tanabe
Penalty Shots
Anze Kopitar, Patric Hornqvist, Michael Frolik, Scott Gomez, Simon Gagné

Scratches
Rostislav Olesz (Suspend)

Blackhawks

5 vs 5 Forward 
   Center                   Left Wing                Right Wing               Time % Phy DF OF 
 1 Derick Brassard          Antoine Roussel          Chad Larose              40     1   2  2  
 2 Peter Regin              Tomas Fleischmann        Tyler Kennedy            30     1   2  2  
 3 Steve Ott                Taylor Pyatt             Spencer Machacek         20     1   2  2  
 4 Kyle Brodziak            Jaden Schwartz           Spencer Machacek         10     1   2  2  

5 vs 5 Defense 
   Defense                  Defense                                           Time % Phy DF OF 
 1 Mike Green               Joni Pitkanen                                     40     1   2  2  
 2 Denis Grebeshkov         Ladislav Smid                                     30     1   2  2  
 3 Tomas Kaberle            Kevin Marshall                                    20     1   2  2  
 4 Dalton Prout             Mike Green                                        10     1   2  2  

PowerPlay Forward 
   Center                   Left Wing                Right Wing               Time % Phy DF OF 
 1 Derick Brassard          Antoine Roussel          Chad Larose              60     1   2  2  
 2 Peter Regin              Tomas Fleischmann        Tyler Kennedy            40     1   2  2  

PowerPlay Defense
   Defense                  Defense                                           Time % Phy DF OF 
 1 Mike Green               Joni Pitkanen                                     60     1   2  2  
 2 Denis Grebeshkov         Ladislav Smid                                     40     1   2  2  

Penalty Kill 4 Players Forward 
   Center                   Wing                     Time % Phy DF OF 
 1 Derick Brassard          Antoine Roussel          60     1   2  2  
 2 Peter Regin              Tomas Fleischmann        40     1   2  2  

Penalty Kill 4 Players Defense
   Defense                  Defense                  Time % Phy DF OF 
 1 Mike Green               Joni Pitkanen            60     1   2  2  
 2 Denis Grebeshkov         Ladislav Smid            40     1   2  2  

Penalty Kill - 3 Players Forward 
   Forward                                           Time % Phy DF OF 
 1 Derick Brassard                                   60     1   2  2  
 2 Antoine Roussel                                   40     1   2  2  

Penalty Kill - 3 Players Defense
   Defense                  Defense                  Time % Phy DF OF 
 1 Mike Green               Joni Pitkanen            60     1   2  2  
 2 Denis Grebeshkov         Ladislav Smid            40     1   2  2  

4 vs 4 Forward 
   Center                   Wing                     Time % Phy DF OF 
 1 Derick Brassard          Antoine Roussel          60     1   2  2  
 2 Peter Regin              Tomas Fleischmann        40     1   2  2  

4 vs 4 Defense
   Defense                  Defense                  Time % Phy DF OF 
 1 Mike Green               Joni Pitkanen            60     1   2  2  
 2 Denis Grebeshkov         Ladislav Smid            40     1   2  2  

Last Minutes Offensive
   Center                   Left Wing                Right Wing               Defense                  Defense                  
   Derick Brassard          Antoine Roussel          Chad Larose              Mike Green               Joni Pitkanen            

Last Minutes Defensive
   Center                   Left Wing                Right Wing               Defense                  Defense                  
   Derick Brassard          Antoine Roussel          Chad Larose              Mike Green               Joni Pitkanen            

Goaltenders
Starting : Jimmy Howard             
Backup : Al Montoya               

Extra Forwards
Normal : Taylor Pyatt, Steve Ott, Jaden Schwartz - PP : Taylor Pyatt, Steve Ott - PK : Jaden Schwartz
Extra Defensemen
Normal : Tomas Kaberle, Kevin Marshall, Dalton Prout - PP : Tomas Kaberle - PK : Kevin Marshall, Dalton Prout
Penalty Shots
Derick Brassard, Antoine Roussel, Peter Regin, Tomas Fleischmann, Chad Larose

Scratches
Ryan Johansen (Healthy)

% Time on Ice - Kings

Lines # - Real PCT - Wanted PCT - Time Play
Normal Forward
1 - 36% - 40% - 17:39
2 - 26% - 30% - 12:54
3 - 23% - 20% - 11:12
4 - 16% - 10% - 7:41
Normal Defense
1 - 39% - 40% - 19:22
2 - 32% - 30% - 15:51
3 - 25% - 20% - 12:24
4 - 4% - 10% - 1:49
PP Forward
1 - 58% - 60% - 3:49
2 - 42% - 40% - 2:47
PP Defense
1 - 65% - 60% - 4:16
2 - 35% - 40% - 2:20
PK Forward
1 - 87% - 60% - 3:28
2 - 13% - 40% - 0:30
PK Defense
1 - 61% - 60% - 2:25
2 - 39% - 40% - 1:33
PK3 Forward
1 - 0% - 60%
2 - 0% - 40%
PK3 Defense
1 - 0% - 60%
2 - 0% - 40%
44 Forward
1 - 0% - 60%
2 - 0% - 40%
44 Defense
1 - 0% - 60%
2 - 0% - 40%
Last Minute Offensive  - 0:00
Last Minute Defensive  - 0:00
Total
Forward - 60:00
Defense - 60:00

% Time on Ice - Blackhawks

Lines # - Real PCT - Wanted PCT - Time Play
Normal Forward
1 - 37% - 40% - 18:08
2 - 30% - 30% - 14:42
3 - 20% - 20% - 9:44
4 - 14% - 10% - 6:52
Normal Defense
1 - 35% - 40% - 17:18
2 - 33% - 30% - 16:18
3 - 24% - 20% - 11:53
4 - 8% - 10% - 3:57
PP Forward
1 - 61% - 60% - 2:24
2 - 39% - 40% - 1:34
PP Defense
1 - 55% - 60% - 2:11
2 - 45% - 40% - 1:47
PK Forward
1 - 82% - 60% - 3:54
2 - 18% - 40% - 0:51
PK Defense
1 - 66% - 60% - 3:09
2 - 34% - 40% - 1:36
PK3 Forward
1 - 54% - 60% - 1:00
2 - 46% - 40% - 0:51
PK3 Defense
1 - 55% - 60% - 1:01
2 - 45% - 40% - 0:50
44 Forward
1 - 0% - 60%
2 - 0% - 40%
44 Defense
1 - 0% - 60%
2 - 0% - 40%
Last Minute Offensive  - 0:00
Last Minute Defensive  - 0:00
Total
Forward - 60:00
Defense - 60:00

Play by Play

1st period


0:01 of 1st period - Derick Brassard wins face-off versus Anze Kopitar in neutral zone.
0:16 of 1st period - Snap shot by Antoine Roussel.
0:16 of 1st period - Shot Misses the Net.
0:26 of 1st period - Joni Pitkanen is hit by Riley Cote and loses puck.
0:33 of 1st period - Slapshot by Scott Gomez.
0:33 of 1st period - Stopped by Jimmy Howard with a rebound.
1:11 of 1st period - Antoine Roussel is hit by Tyler Toffoli and loses puck.
1:36 of 1st period - Snap shot by Peter Regin.
1:36 of 1st period - Shot Misses the Net.
2:11 of 1st period - Snap shot by Michael Frolik.
2:11 of 1st period - Shot Misses the Net.
2:29 of 1st period - Snap shot by Tomas Fleischmann.
2:29 of 1st period - Stopped by Frederik Andersen with a rebound.
2:31 of 1st period - Slapshot by Tyler Kennedy.
2:31 of 1st period - Shot Misses the Net.
2:45 of 1st period - Steve Ott is hit by Radko Gudas.
2:57 of 1st period - Kevin Marshall is hit by Patrick Eaves and loses puck.
3:12 of 1st period - Michael Frolik is hit by Kevin Marshall.
3:48 of 1st period - Slapshot by Steve Ott.
3:48 of 1st period - Shot Misses the Net.
3:54 of 1st period - Slapshot by Denis Grebeshkov.
3:54 of 1st period - Stopped by Frederik Andersen with a rebound.
5:16 of 1st period - Tyler Toffoli is hit by Peter Regin and loses puck.
5:59 of 1st period - Snap shot by Scott Gomez.
5:59 of 1st period - Stopped by Jimmy Howard with a rebound.
7:41 of 1st period - Taylor Pyatt is hit by Anze Kopitar and loses puck.
7:46 of 1st period - Slapshot by Anze Kopitar.
7:46 of 1st period - Shot Blocked by Spencer Machacek.
7:48 of 1st period - Slapshot by Patric Hornqvist.
7:48 of 1st period - Goal by Patric Hornqvist - Kings : 1 - Blackhawks : 0.
7:49 of 1st period - Derick Brassard wins face-off versus Anze Kopitar in neutral zone.
7:49 of 1st period - Mike Green is hit by Patric Hornqvist.
7:51 of 1st period - Wrist shot by Derick Brassard.
7:51 of 1st period - Stopped by Frederik Andersen with a rebound.
7:53 of 1st period - Snap shot by Antoine Roussel.
7:53 of 1st period - Goal by Antoine Roussel - Kings : 1 - Blackhawks : 1.
7:54 of 1st period - Derick Brassard wins face-off versus Anze Kopitar in neutral zone.
7:57 of 1st period - Wrist shot by Derick Brassard.
7:57 of 1st period - Shot Blocked by Anze Kopitar.
8:07 of 1st period - Wrist shot by Patric Hornqvist.
8:07 of 1st period - Stopped by Jimmy Howard with a rebound.
8:30 of 1st period - Wrist shot by Derick Brassard.
8:30 of 1st period - Shot Misses the Net.
9:45 of 1st period - Spencer Machacek is hit by Michael Haley and loses puck.
10:10 of 1st period - Icing by Joni Pitkanen.
10:11 of 1st period - Anze Kopitar wins face-off versus Kyle Brodziak in Blackhawks zone.
10:28 of 1st period - Wrist shot by Simon Gagné.
10:28 of 1st period - Shot Blocked by Ladislav Smid.
10:40 of 1st period - Snap shot by Antoine Roussel.
10:40 of 1st period - Stopped by Frederik Andersen with a rebound.
11:26 of 1st period - Snap shot by Tyler Toffoli.
11:26 of 1st period - Shot Blocked by Kevin Marshall.
11:39 of 1st period - Minor Penalty to Steve Ott for Hooking.
11:40 of 1st period - Simon Gagné wins face-off versus Derick Brassard in Blackhawks zone.
11:44 of 1st period - Slapshot by Anze Kopitar.
11:44 of 1st period - Stopped by Jimmy Howard with a rebound.
11:46 of 1st period - Slapshot by Drew Doughty.
11:46 of 1st period - Shot Blocked by Derick Brassard.
11:48 of 1st period - Slapshot by Steve Montador.
11:48 of 1st period - Shot Blocked by Mike Green.
11:50 of 1st period - Wrist shot by Simon Gagné.
11:50 of 1st period - Stopped by Jimmy Howard with a rebound.
11:52 of 1st period - Slapshot by Simon Gagné.
11:52 of 1st period - Shot Blocked by Derick Brassard.
11:54 of 1st period - Snap shot by Patric Hornqvist.
11:54 of 1st period - Goal by Patric Hornqvist - Kings : 2 - Blackhawks : 1.
11:55 of 1st period - Derick Brassard wins face-off versus Anze Kopitar in neutral zone.
12:33 of 1st period - Snap shot by Tyler Kennedy.
12:33 of 1st period - Stopped by Frederik Andersen with a rebound.
12:35 of 1st period - Backhand shot by Mike Green.
12:35 of 1st period - Shot Blocked by Steve Montador.
13:09 of 1st period - Slapshot by Drew Doughty.
13:09 of 1st period - Shot Blocked by Denis Grebeshkov.
13:15 of 1st period - Snap shot by Scott Gomez.
13:15 of 1st period - Stopped by Jimmy Howard without a rebound.
13:16 of 1st period - Peter Regin wins face-off versus Anze Kopitar in Blackhawks zone.
13:29 of 1st period - Wrist shot by Patric Hornqvist.
13:29 of 1st period - Shot Misses the Net.
13:39 of 1st period - Minor Penalty to Tyler Kennedy for Delaying the game.
13:40 of 1st period - Anze Kopitar wins face-off versus Derick Brassard in Blackhawks zone.
13:47 of 1st period - Slapshot by Patric Hornqvist.
13:47 of 1st period - Stopped by Jimmy Howard without a rebound.
13:47 of 1st period - Minor Penalty to Jimmy Howard for Slashing.
13:48 of 1st period - Derick Brassard wins face-off versus Anze Kopitar in Blackhawks zone.
14:37 of 1st period - Snap shot by Michael Frolik.
14:37 of 1st period - Shot Misses the Net.
15:39 of 1st period - Penalty to Tyler Kennedy is over, Tyler Kennedy is back on ice.
15:47 of 1st period - Penalty to Antoine Roussel is over, Antoine Roussel is back on ice.
16:04 of 1st period - Snap shot by Michal Handzus.
16:04 of 1st period - Deflect By Patrick Eaves.
16:04 of 1st period - Shot Blocked by Peter Regin.
16:04 of 1st period - Puck is out of play.
16:05 of 1st period - Peter Regin wins face-off versus Michal Handzus in Blackhawks zone.
16:18 of 1st period - Snap shot by Michal Handzus.
16:18 of 1st period - Shot Blocked by Tomas Kaberle.
16:20 of 1st period - Wrist shot by Michael Haley.
16:20 of 1st period - Stopped by Jimmy Howard without a rebound.
16:21 of 1st period - Tyler Toffoli wins face-off versus Derick Brassard in Blackhawks zone.
16:55 of 1st period - Snap shot by Tyler Kennedy.
16:55 of 1st period - Goal by Tyler Kennedy - Kings : 2 - Blackhawks : 2.
16:56 of 1st period - Derick Brassard wins face-off versus Anze Kopitar in neutral zone.
17:45 of 1st period - Off-side.
17:46 of 1st period - Peter Regin wins face-off versus Michal Handzus in neutral zone.
18:21 of 1st period - Snap shot by Patric Hornqvist.
18:21 of 1st period - Stopped by Jimmy Howard with a rebound.
18:23 of 1st period - Backhand shot by Dave Tanabe.
18:23 of 1st period - Shot Misses the Net.
19:36 of 1st period - Peter Regin is hit by Michael Frolik and loses puck.
19:41 of 1st period - Snap shot by Michael Frolik.
19:41 of 1st period - Shot Misses the Net.
19:43 of 1st period - Snap shot by Riley Cote.
19:43 of 1st period - Stopped by Jimmy Howard without a rebound.
19:44 of 1st period - Derick Brassard wins face-off versus Anze Kopitar in Blackhawks zone.
19:55 of 1st period - Slapshot by Anze Kopitar.
19:55 of 1st period - Goal by Anze Kopitar - Kings : 3 - Blackhawks : 2.
19:56 of 1st period - Derick Brassard wins face-off versus Anze Kopitar in neutral zone.
Goals for this period are 3 for Kings vs 2 for Blackhawks.
Shots for this period are 13 for Kings vs 7 for Blackhawks.

2nd period


0:01 of 2nd period - Derick Brassard wins face-off versus Anze Kopitar in neutral zone.
0:34 of 2nd period - Anze Kopitar is hit by Chad Larose and loses puck.
0:53 of 2nd period - Snap shot by Antoine Roussel.
0:53 of 2nd period - Shot Misses the Net.
0:55 of 2nd period - Snap shot by Derick Brassard.
0:55 of 2nd period - Shot Blocked by Simon Gagné.
0:57 of 2nd period - Slapshot by Joni Pitkanen.
0:57 of 2nd period - Shot Blocked by Drew Doughty.
1:03 of 2nd period - Slapshot by Derick Brassard.
1:03 of 2nd period - Stopped by Frederik Andersen with a rebound.
1:05 of 2nd period - Wrist shot by Derick Brassard.
1:05 of 2nd period - Stopped by Frederik Andersen with a rebound.
1:07 of 2nd period - Slapshot by Joni Pitkanen.
1:07 of 2nd period - Stopped by Frederik Andersen with a rebound.
1:09 of 2nd period - Snap shot by Derick Brassard.
1:09 of 2nd period - Stopped by Frederik Andersen with a rebound.
1:11 of 2nd period - Backhand shot by Antoine Roussel.
1:11 of 2nd period - Stopped by Frederik Andersen without a rebound.
1:12 of 2nd period - Scott Gomez wins face-off versus Steve Ott in Kings zone.
1:25 of 2nd period - Kevin Marshall is hit by Michael Frolik and loses puck.
1:38 of 2nd period - Johnny Gaudreau is hit by Tyler Kennedy and loses puck.
1:45 of 2nd period - Backhand shot by Tyler Kennedy.
1:45 of 2nd period - Shot Blocked by Hampus Lindholm.
1:47 of 2nd period - Slapshot by Denis Grebeshkov.
1:47 of 2nd period - Deflect By Tomas Fleischmann.
1:47 of 2nd period - Shot Blocked by Hampus Lindholm.
1:47 of 2nd period - Puck is out of play.
1:48 of 2nd period - Michael Frolik wins face-off versus Kyle Brodziak in Kings zone.
2:19 of 2nd period - Patrick Eaves is hit by Denis Grebeshkov and loses puck.
2:26 of 2nd period - Tomas Fleischmann is hit by Dave Tanabe and loses puck.
2:45 of 2nd period - Snap shot by Drew Doughty.
2:45 of 2nd period - Stopped by Jimmy Howard without a rebound.
2:46 of 2nd period - Anze Kopitar wins face-off versus Derick Brassard in Blackhawks zone.
2:53 of 2nd period - Slapshot by Anze Kopitar.
2:53 of 2nd period - Stopped by Jimmy Howard with a rebound.
3:13 of 2nd period - Riley Cote is hit by Steve Ott and loses puck.
3:22 of 2nd period - Wrist shot by Michael Frolik.
3:22 of 2nd period - Goal by Michael Frolik - Kings : 4 - Blackhawks : 2.
3:22 of 2nd period - Al Montoya enters game.
3:23 of 2nd period - Derick Brassard wins face-off versus Patric Hornqvist in neutral zone.
3:28 of 2nd period - Mike Green is hit by Anze Kopitar and loses puck.
3:42 of 2nd period - Minor Penalty to Chad Larose for Cross-checking.
3:43 of 2nd period - Anze Kopitar wins face-off versus Derick Brassard in Blackhawks zone.
3:43 of 2nd period - Slapshot by Patric Hornqvist.
3:43 of 2nd period - Shot Misses the Net.
3:45 of 2nd period - Slapshot by Steve Montador.
3:45 of 2nd period - Stopped by Al Montoya without a rebound.
3:46 of 2nd period - Derick Brassard wins face-off versus Anze Kopitar in Blackhawks zone.
5:02 of 2nd period - Icing by Michael Frolik.
5:03 of 2nd period - Scott Gomez wins face-off versus Peter Regin in Kings zone.
5:41 of 2nd period - Riley Cote is hit by Tomas Fleischmann and loses puck.
5:42 of 2nd period - Penalty to Chad Larose is over, Chad Larose is back on ice.
5:50 of 2nd period - Snap shot by Peter Regin.
5:50 of 2nd period - Shot Hit the Post.
5:52 of 2nd period - Snap shot by Tomas Fleischmann.
5:52 of 2nd period - Goal by Tomas Fleischmann - Kings : 4 - Blackhawks : 3.
5:53 of 2nd period - Anze Kopitar wins face-off versus Derick Brassard in neutral zone.
6:19 of 2nd period - Steve Montador is hit by Mike Green and loses puck.
6:38 of 2nd period - Slapshot by Mike Green.
6:38 of 2nd period - Stopped by Frederik Andersen with a rebound.
6:46 of 2nd period - Slapshot by Patrick Eaves.
6:46 of 2nd period - Goal by Patrick Eaves - Kings : 5 - Blackhawks : 3.
6:47 of 2nd period - Derick Brassard wins face-off versus Anze Kopitar in neutral zone.
6:52 of 2nd period - Backhand shot by Chad Larose.
6:52 of 2nd period - Shot Blocked by Simon Gagné.
6:58 of 2nd period - Ladislav Smid is hit by Steve Montador.
7:02 of 2nd period - Anze Kopitar is hit by Chad Larose.
7:19 of 2nd period - Backhand shot by Michael Frolik.
7:19 of 2nd period - Stopped by Al Montoya with a rebound.
7:43 of 2nd period - Snap shot by Peter Regin.
7:43 of 2nd period - Shot Misses the Net.
7:45 of 2nd period - Slapshot by Denis Grebeshkov.
7:45 of 2nd period - Deflect By Tyler Kennedy.
7:45 of 2nd period - Shot Misses the Net.
7:45 of 2nd period - Puck is out of play.
7:46 of 2nd period - Anze Kopitar wins face-off versus Derick Brassard in Kings zone.
8:17 of 2nd period - Wrist shot by Michael Frolik.
8:17 of 2nd period - Shot Misses the Net.
8:19 of 2nd period - Slapshot by Drew Doughty.
8:19 of 2nd period - Stopped by Al Montoya with a rebound.
8:21 of 2nd period - Slapshot by Scott Gomez.
8:21 of 2nd period - Shot Blocked by Mike Green.
8:23 of 2nd period - Wrist shot by Drew Doughty.
8:23 of 2nd period - Stopped by Al Montoya with a rebound.
9:00 of 2nd period - Wrist shot by Jaden Schwartz.
9:00 of 2nd period - Deflect By Dave Tanabe.
9:00 of 2nd period - Stopped by Frederik Andersen with a rebound.
9:57 of 2nd period - Minor Penalty to Radko Gudas for Slashing.
9:58 of 2nd period - Derick Brassard wins face-off versus Patric Hornqvist in Kings zone.
10:25 of 2nd period - Anze Kopitar is hit by Tomas Fleischmann and loses puck.
11:57 of 2nd period - Penalty to Radko Gudas is over, Radko Gudas is back on ice.
12:45 of 2nd period - Tomas Fleischmann is hit by Michal Handzus and loses puck.
12:52 of 2nd period - Hampus Lindholm is hit by Tomas Fleischmann.
13:21 of 2nd period - Mike Green is hit by Drew Doughty and loses puck.
13:36 of 2nd period - Simon Gagné is hit by Derick Brassard and loses puck.
14:00 of 2nd period - Slapshot by Drew Doughty.
14:00 of 2nd period - Shot Blocked by Denis Grebeshkov.
14:22 of 2nd period - Denis Grebeshkov is hit by Radko Gudas and loses puck.
14:39 of 2nd period - Slapshot by Tomas Fleischmann.
14:39 of 2nd period - Stopped by Frederik Andersen without a rebound.
14:40 of 2nd period - Tomas Fleischmann wins face-off versus Anze Kopitar in Kings zone.
14:43 of 2nd period - Slapshot by Tomas Fleischmann.
14:43 of 2nd period - Shot Blocked by Dave Tanabe.
14:45 of 2nd period - Slapshot by Kevin Marshall.
14:45 of 2nd period - Stopped by Frederik Andersen with a rebound.
14:51 of 2nd period - Snap shot by Tomas Fleischmann.
14:51 of 2nd period - Stopped by Frederik Andersen with a rebound.
16:00 of 2nd period - Patric Hornqvist is hit by Kyle Brodziak and loses puck.
16:29 of 2nd period - Tyler Toffoli is hit by Denis Grebeshkov and loses puck.
16:36 of 2nd period - Cam Janssen is hit by Derick Brassard.
16:56 of 2nd period - Peter Regin is hit by Michael Haley.
16:57 of 2nd period - Icing by Peter Regin.
16:58 of 2nd period - Tomas Fleischmann wins face-off versus Anze Kopitar in Blackhawks zone.
16:58 of 2nd period - Tomas Fleischmann is hit by Anze Kopitar.
17:49 of 2nd period - Snap shot by Anze Kopitar.
17:49 of 2nd period - Shot Blocked by Tomas Fleischmann.
18:02 of 2nd period - Snap shot by Peter Regin.
18:02 of 2nd period - Stopped by Frederik Andersen without a rebound.
18:03 of 2nd period - Derick Brassard wins face-off versus Scott Gomez in Kings zone.
18:10 of 2nd period - Wrist shot by Derick Brassard.
18:10 of 2nd period - Stopped by Frederik Andersen without a rebound.
18:11 of 2nd period - Derick Brassard wins face-off versus Scott Gomez in Kings zone.
18:26 of 2nd period - Snap shot by Antoine Roussel.
18:26 of 2nd period - Stopped by Frederik Andersen without a rebound.
18:27 of 2nd period - Steve Ott wins face-off versus Michal Handzus in Kings zone.
19:37 of 2nd period - Kyle Brodziak is hit by Radko Gudas and loses puck.
19:44 of 2nd period - Snap shot by Scott Gomez.
19:44 of 2nd period - Stopped by Al Montoya with a rebound.
19:46 of 2nd period - Snap shot by Riley Cote.
19:46 of 2nd period - Shot Misses the Net.
19:48 of 2nd period - Slapshot by Hampus Lindholm.
19:48 of 2nd period - Stopped by Al Montoya without a rebound.
19:49 of 2nd period - Derick Brassard wins face-off versus Simon Gagné in Blackhawks zone.
Goals for this period are 2 for Kings vs 1 for Blackhawks.
Shots for this period are 10 for Kings vs 14 for Blackhawks.

3rd period


0:01 of 3rd period - Derick Brassard wins face-off versus Anze Kopitar in neutral zone.
0:22 of 3rd period - Minor Penalty to Joni Pitkanen for Elbowing.
0:23 of 3rd period - Derick Brassard wins face-off versus Patric Hornqvist in Blackhawks zone.
0:38 of 3rd period - Slapshot by Anze Kopitar.
0:38 of 3rd period - Goal by Anze Kopitar - Kings : 6 - Blackhawks : 3.
0:39 of 3rd period - Anze Kopitar wins face-off versus Derick Brassard in neutral zone.
0:44 of 3rd period - Snap shot by Anze Kopitar.
0:44 of 3rd period - Shot Misses the Net.
0:46 of 3rd period - Snap shot by Simon Gagné.
0:46 of 3rd period - Stopped by Al Montoya without a rebound.
0:47 of 3rd period - Derick Brassard wins face-off versus Anze Kopitar in Blackhawks zone.
0:47 of 3rd period - Derick Brassard is hit by Drew Doughty.
1:03 of 3rd period - Backhand shot by Antoine Roussel.
1:03 of 3rd period - Shot Misses the Net.
1:17 of 3rd period - Wrist shot by Anze Kopitar.
1:17 of 3rd period - Stopped by Al Montoya without a rebound.
1:18 of 3rd period - Scott Gomez wins face-off versus Steve Ott in Blackhawks zone.
1:46 of 3rd period - Tyler Kennedy is hit by Raphael Diaz and loses puck.
2:09 of 3rd period - Slapshot by Ladislav Smid.
2:09 of 3rd period - Stopped by Frederik Andersen with a rebound.
2:23 of 3rd period - Wrist shot by Derick Brassard.
2:23 of 3rd period - Stopped by Frederik Andersen without a rebound.
2:24 of 3rd period - Steve Ott wins face-off versus Scott Gomez in Kings zone.
2:25 of 3rd period - Slapshot by Taylor Pyatt.
2:25 of 3rd period - Shot Misses the Net.
2:27 of 3rd period - Snap shot by Steve Ott.
2:27 of 3rd period - Shot Misses the Net.
3:38 of 3rd period - Tyler Toffoli is hit by Jaden Schwartz and loses puck.
4:21 of 3rd period - Slapshot by Denis Grebeshkov.
4:21 of 3rd period - Stopped by Frederik Andersen without a rebound.
4:22 of 3rd period - Peter Regin wins face-off versus Scott Gomez in Kings zone.
4:33 of 3rd period - Slapshot by Drew Doughty.
4:33 of 3rd period - Deflect By Tomas Kaberle.
4:33 of 3rd period - Stopped by Al Montoya without a rebound.
4:34 of 3rd period - Anze Kopitar wins face-off versus Derick Brassard in Blackhawks zone.
4:39 of 3rd period - Slapshot by Patric Hornqvist.
4:39 of 3rd period - Goal by Patric Hornqvist - Kings : 7 - Blackhawks : 3.
4:40 of 3rd period - Derick Brassard wins face-off versus Anze Kopitar in neutral zone.
4:49 of 3rd period - Slapshot by Derick Brassard.
4:49 of 3rd period - Deflect By Chad Larose.
4:49 of 3rd period - Shot Misses the Net.
4:49 of 3rd period - Puck is out of play.
4:50 of 3rd period - Anze Kopitar wins face-off versus Derick Brassard in Kings zone.
5:00 of 3rd period - Anze Kopitar beats up Antoine Roussel.
5:00 of 3rd period - Penalty to Antoine Roussel for Fighting.
5:00 of 3rd period - Penalty to Anze Kopitar for Fighting.
5:01 of 3rd period - Derick Brassard wins face-off versus Riley Cote in Kings zone.
5:02 of 3rd period - Wrist shot by Chad Larose.
5:02 of 3rd period - Stopped by Frederik Andersen without a rebound.
5:03 of 3rd period - Scott Gomez wins face-off versus Derick Brassard in Kings zone.
5:05 of 3rd period - Minor Penalty to Riley Cote for Roughing.
5:06 of 3rd period - Derick Brassard wins face-off versus Cam Janssen in Kings zone.
5:32 of 3rd period - Steve Montador is hit by Joni Pitkanen and loses puck.
6:29 of 3rd period - Wrist shot by Patric Hornqvist.
6:29 of 3rd period - Shot Misses the Net.
7:05 of 3rd period - Penalty to Riley Cote is over, Riley Cote is back on ice.
7:09 of 3rd period - Raphael Diaz is hit by Derick Brassard and loses puck.
7:22 of 3rd period - Spencer Machacek is hit by Riley Cote and loses puck.
8:50 of 3rd period - Mike Green is hit by Patrick Eaves.
9:39 of 3rd period - Joni Pitkanen is hit by Michal Handzus.
10:09 of 3rd period - Jaden Schwartz is hit by Riley Cote and loses puck.
10:25 of 3rd period - Tomas Fleischmann is hit by Tyler Toffoli and loses puck.
10:41 of 3rd period - Minor Penalty to Kyle Brodziak for Holding Stick.
10:42 of 3rd period - Anze Kopitar wins face-off versus Derick Brassard in Blackhawks zone.
11:06 of 3rd period - Mike Green is hit by Scott Gomez and loses puck.
11:56 of 3rd period - Jaden Schwartz is hit by Scott Gomez and loses puck.
12:41 of 3rd period - Penalty to Kyle Brodziak is over, Kyle Brodziak is back on ice.
13:14 of 3rd period - Denis Grebeshkov is hit by Michael Haley and loses puck.
15:39 of 3rd period - Steve Montador is hit by Peter Regin and loses puck.
15:52 of 3rd period - Tomas Kaberle is hit by Simon Gagné and loses puck.
17:14 of 3rd period - Peter Regin is hit by Raphael Diaz and loses puck.
17:23 of 3rd period - Snap shot by Simon Gagné.
17:23 of 3rd period - Stopped by Al Montoya with a rebound.
17:55 of 3rd period - Antoine Roussel is hit by Michael Frolik.
17:59 of 3rd period - Hampus Lindholm is hit by Dalton Prout and loses puck.
18:20 of 3rd period - Peter Regin is hit by Johnny Gaudreau and loses puck.
18:43 of 3rd period - Wrist shot by Anze Kopitar.
18:43 of 3rd period - Stopped by Al Montoya with a rebound.
18:45 of 3rd period - Snap shot by Drew Doughty.
18:45 of 3rd period - Shot Misses the Net.
18:55 of 3rd period - Chad Larose is hit by Michael Haley.
19:37 of 3rd period - Wrist shot by Patric Hornqvist.
19:37 of 3rd period - Shot Misses the Net.
Goals for this period are 2 for Kings vs 0 for Blackhawks.
Shots for this period are 7 for Kings vs 4 for Blackhawks.